 Dungeon Crawl Stone Soup version 0.30-a0-862-g1aabd4f9c5 (webtiles) character file.

Game seed: 2664982519579195607

2904 Lavandula the Slicer (level 10, -7/61 HPs)
             Began as a Kobold Gladiator on Mar 9, 2023.
             Was an Initiate of Yredelemnul.
             Mangled by a hell beast (12 damage)
             ... in a Gauntlet.
             The game lasted 00:16:38 (6902 turns).

Lavandula the Slicer (Kobold Gladiator)             Turns: 6902, Time: 00:16:38

Health: -7/61      AC: 14    Str: 21    XL:     10   Next: 6%
Magic:  10/10      EV: 11    Int: 10    God:    Yredelemnul [......]
Gold:   141        SH:  0    Dex: 17    Spells: 9/9 levels left

rFire   . . .      SeeInvis .    v - +3 dagger (venom)
rCold   . . .      Faith    .    (no shield)
rNeg    . . .      Spirit   .    F - +0 chain mail
rPois   .          Reflect  .    A - +0 helmet
rElec   .          Rampage  .    h - scarf {+Inv}
rCorr   .          NoTele   +    (no gloves)
Will    .....                    (no boots) Stlth
                                 G - amulet of regeneration
HPRegen 1.10/turn                I - +6 ring of strength
MPRegen 0.12/turn                E - +4 ring of protection

@: no status effects
A: small, no large weapons, nightstalker 3
a: Renounce Religion, Evoke Invisibility, Recall Undead Harvest


You were in a Gauntlet.
You worshipped Yredelemnul.
Yredelemnul was noncommittal.
You visited 2 branches of the dungeon, and saw 10 of its levels.
You also visited: Sewer and Gauntlet.

You collected 363 gold pieces.
You spent 222 gold pieces at shops.

Inventory:

Hand Weapons
 a - a +0 flail
 i - a +0 whip
 v - a +3 dagger of venom (weapon)
Missiles
 d - 7 throwing nets
 z - 7 poisoned darts (quivered)
Armour
 b - a +0 leather armour
 c - a +0 helmet
 h - a scarf of invisibility (worn)
 k - a +0 ring mail
 A - a +0 helmet (worn)
 F - a +0 chain mail (worn)
Jewellery
 s - a ring of ice
 u - a ring of protection from cold
 y - an amulet of the acrobat
 E - a +4 ring of protection (right hand)
 G - an amulet of regeneration (around neck)
 I - a +6 ring of strength (left hand)
 K - the ring "Zaetwoyrph" {rCorr Str+5}
   (You found it in a Gauntlet)

   [ring of resist corrosion]

   Str:       It affects your strength (+5).
   rCorr:     It protects you from acid and corrosion.
Wands
 t - a wand of charming (5)
Scrolls
 e - 2 scrolls of blinking
 f - 2 scrolls of immolation
 l - a scroll of summoning
 m - 2 scrolls of acquirement {unknown}
 o - a scroll of amnesia {unknown}
 r - 2 scrolls of enchant armour {unknown}
 w - 2 scrolls of teleportation
 C - 4 scrolls of vulnerability
 H - a scroll of noise {unknown}
 J - a scroll of brand weapon {unknown}
Potions
 g - a potion of mutation
 j - 2 potions of haste
 n - a potion of ambrosia {unknown}
 p - 2 potions of heal wounds
 q - a potion of resistance
 x - a potion of invisibility {unknown}
 B - 2 potions of flight
 D - a potion of magic {unknown}


   Skills:
 - Level 6.6 Fighting
 - Level 10.0 Short Blades
 - Level 4.5 Maces & Flails
 - Level 2.1 Throwing
 + Level 4.1 Armour
 - Level 3.6 Dodging
 - Level 7.3 Evocations


You had 9 spell levels left.
You didn't know any spells.
Your spell library contained the following spells:

 Spells                   Type           Power      Damage    Failure   Level
 Ignite Poison            Fire/Tmut/Pois 0%         N/A       100%        3
 Sticky Flame             Conj/Fire      0%         2d3       100%        4
 Ignition                 Fire           0%         3d3       100%        8


Dungeon Overview and Level Annotations

Branches:
Dungeon (11/15)            Temple (1/1) D:6           Sewer (visited)
Gauntlet (1/1)
   Lair: D:8-11         Orc: D:9-12

Altars:
Fedhas
Gozag
Kikubaaqudgha
Nemelex Xobeh
Qazlal
Ru
Sif Muna
Trog
Vehumet
Xom
Yredelemnul
The Shining One

Shops:
D:3 ?

Annotations:
D:3 3 runed translucent doors, scienide's ghost, amateur DsGl
D:6 1 runed translucent door, Crazy Yiuf
D:7 Joseph Gauntlet 7 transporters, exclusion: obsidian statue


Innate Abilities, Weirdness & Mutations

You are small and have problems with some larger weapons.
You are completely attuned to the shadows.


Message History

The hell beast enters a dispersal trap!
You blink.
The hell beast blinks!
There is a transporter landing site here.
Unknown command.
Unknown command.
You see here a fuming cyan potion.
Unknown command.
x - a fuming cyan potion The hell beast bites you!
The hell beast tramples you but does no damage.
Unknown command.
The hell beast barely misses you. The hell beast tramples you!
You hold your ground!
You see here the ring "Zaetwoyrph" {rCorr Str+5}.
Unknown command.
K - the ring "Zaetwoyrph" {rCorr Str+5} The hell beast completely misses you.
The hell beast tramples you!
You hold your ground!
Unknown command.
The hell beast bites you but does no damage.
The hell beast tramples you.
You hold your ground!
Unknown command.
The hell beast bites you but does no damage.
The hell beast tramples you but does no damage.
Really walk into that dispersal trap?
The hell beast attacks as you move away!
The hell beast closely misses you. The hell beast tramples you!
* * * LOW HITPOINT WARNING * * *
You enter a dispersal trap!
The hell beast blinks!
You blink.
The hell beast bites you!
* * * LOW HITPOINT WARNING * * *
The hell beast tramples you but does no damage.
You feel much better. The hell beast bites you.
* * * LOW HITPOINT WARNING * * *
The hell beast tramples you!
* * * LOW HITPOINT WARNING * * *
You stumble backwards!
The hell beast bites you but does no damage.
The hell beast tramples you!
You die...
Your body rises from the dead as a mindless zombie.

..∩............♣ ≈#.#©#3.
.....#########..P≈ ≈≈.#.#3#
.....##.#.#.##..P#≈ ≈#.#.#3#
.....#.#.#.#.#..... ...#.#3.
.♣P..##.#©#.####... ...#.###
.....#©#§#.#.#©#... ...#.#..
#..♣.##[#.#.##.#########.#.♣
##...#.#.#2#.#.#.......#.#.P
#≈...##.#.#@##.#.......#.#.P
≈≈.P.#########.###'#####.#..
#≈.♣.........#©#©.'...©#©#.♣
##...#########.###'.##.###..
#≈...#*.3.##3#.#..#.##.#....
≈≈...##.^ #..#.#..#....#...≈
#≈.♣.###3 .^.#.#########..≈≈
##.P.#©## #.#©#.........###
#≈...#!^3#.#####.♣.♣.♣..≈#


You could see a hell beast and 2 neqoxecs.

Vanquished Creatures
  A cyclops (D:11)
  An unseen horror (D:6)
  A hornet (D:7)
  A wyvern (D:7)
  A chaos spawn (Gauntlet)
  An ice beast (D:5)
  3 ogres (D:5)
  A black bear (D:6)
  A sky beast (D:6)
  A centaur (D:7)
  A kobold brigand (D:6)
  3 bullfrogs
  A scorpion (D:5)
  2 killer bees (Gauntlet)
  A howler monkey (D:5)
  A hound (D:5)
  5 jellies
  An orc priest (D:8)
  2 iguanas (D:5)
  An orc wizard (D:8)
  Robin (D:4)
  7 adders
  4 gnolls (D:7)
  A river rat (Sewer)
  A shadow imp (D:8)
  2 worms
  3 dart slugs
  11 orcs
  10 ball pythons
  2 bats
  19 endoplasms
  11 giant cockroaches
  6 hobgoblins
  8 jackals (D:2)
  12 kobolds
  A quokka (D:2)
  7 frilled lizards
  8 goblins
  2 rats
146 creatures vanquished.

Vanquished Creatures (collateral kills)
  A water moccasin (D:8)
  2 killer bees (Gauntlet)
  2 gnolls (D:7)
5 creatures vanquished.

Vanquished Creatures (others)
  A queen bee (Gauntlet)
  4 killer bee zombies (Gauntlet)
  2 orc zombies (D:8)
  A spectral shadow imp (D:8)
  2 gnoll zombies (D:7)
  3 fungi
  13 plants
26 creatures vanquished.

Grand Total: 177 creatures vanquished

Notes
Turn   | Place    | Note
-------+----------+-------------------------------------------
     0 | D:1      | Lavandula the Kobold Gladiator began the quest for the Orb.
     0 | D:1      | Reached XP level 1. HP: 12/12 MP: 1/1
   177 | D:1      | Reached XP level 2. HP: 16/17 MP: 2/2
   715 | D:2      | Reached XP level 3. HP: 21/21 MP: 3/3
  1401 | D:2      | Reached XP level 4. HP: 20/26 MP: 4/4
  1669 | D:3      | Found a runed translucent gate.
  1671 | D:3      | Found a runed translucent gate.
  1672 | D:3      | Found a runed translucent gate.
  1686 | D:3      | Noticed a kobold brigand
  1687 | D:3      | Noticed scienide's ghost (amateur DsGl)
  1977 | D:3      | Found a shimmering blue altar of Sif Muna.
  2097 | D:3      | Found an opulent altar of Gozag.
  2152 | D:3      | Found Jufi's Magic Scroll Shop.
  2171 | D:3      | Bought a scroll of teleportation for 36 gold pieces
  2171 | D:3      | Bought a scroll of poison for 48 gold pieces
  2404 | D:4      | Reached skill level 1 in Short Blades
  2423 | D:4      | Noticed Robin
  2448 | D:4      | Killed Robin
  2449 | D:4      | Reached skill level 2 in Short Blades
  2449 | D:4      | Reached XP level 5. HP: 21/30 MP: 5/5
  2472 | D:4      | Found a radiant altar of Vehumet.
  2513 | D:4      | Reached skill level 3 in Short Blades
  2715 | D:4      | Found a glowing drain.
  2724 | Sewer    | Entered a sewer
  2833 | Sewer    | Reached skill level 4 in Short Blades
  2978 | Sewer    | Reached XP level 6. HP: 14/35 MP: 6/6
  3072 | Sewer    | Reached skill level 5 in Short Blades
  3192 | Sewer    | Found a viscous altar of Jiyva.
  3252 | D:4      | Reached skill level 6 in Short Blades
  3298 | D:4      | Found a blossoming altar of Fedhas.
  3384 | D:4      | Found a sparkling altar of Nemelex Xobeh.
  3533 | D:4      | Reached XP level 7. HP: 40/40 MP: 7/7
  3717 | D:5      | Entered Level 5 of the Dungeon
  3758 | D:5      | Reached skill level 7 in Short Blades
  3880 | D:5      | Reached skill level 8 in Short Blades
  4186 | D:5      | Reached skill level 9 in Short Blades
  4229 | D:5      | Reached XP level 8. HP: 41/44 MP: 8/8
  4659 | D:5      | Reached skill level 10 in Short Blades
  4659 | D:5      | Reached skill level 1 in Evocations
  5182 | D:3      | Bought a scroll of blinking for 90 gold pieces
  5182 | D:3      | Bought a scroll of vulnerability for 48 gold pieces
  5258 | D:6      | Reached skill level 5 in Evocations
  5427 | D:6      | Killed an unseen horror
  5428 | D:6      | Reached XP level 9. HP: 20/48 MP: 9/9
  5728 | D:6      | Found a staircase to the Ecumenical Temple.
  5881 | D:6      | Found a runed translucent door.
  5884 | D:6      | Noticed Crazy Yiuf
  5993 | Temple   | Entered the Ecumenical Temple
  6011 | Temple   | Became a worshipper of Yredelemnul the Dark
  6191 | D:7      | Noticed Joseph
  6361 | D:7      | Noticed a hornet
  6374 | D:7      | Killed a hornet
  6375 | D:7      | Reached skill level 5 in Fighting
  6434 | D:7      | Reached * piety under Yredelemnul
  6520 | D:8      | You fall into a shaft and drop 3 floors!
  6530 | D:11     | Noticed a cyclops
  6560 | D:11     | Killed a cyclops
  6609 | D:11     | Found a gate leading to a gauntlet.
  6625 | Gauntlet | Entered a Gauntlet
  6625 | Gauntlet | Found a transporter.
  6635 | Gauntlet | Found a transporter.
  6649 | Gauntlet | Found a transporter.
  6656 | Gauntlet | Noticed a balrug
  6664 | Gauntlet | Found a transporter.
  6673 | Gauntlet | Noticed an obsidian statue
  6674 | Gauntlet | Found a transporter.
  6681 | Gauntlet | Noticed a hell beast
  6684 | Gauntlet | Found a transporter.
  6694 | Gauntlet | Found a transporter.
  6694 | Gauntlet | Noticed a wretched star
  6712 | Gauntlet | Found a transporter.
  6716 | Gauntlet | Found a runed translucent gate.
  6723 | Gauntlet | Found a transporter.
  6747 | Gauntlet | Found a transporter.
  6833 | Gauntlet | Noticed a queen bee
  6833 | Gauntlet | Found a runed translucent gate.
  6833 | Gauntlet | Found a runed translucent gate.
  6835 | Gauntlet | Found a transporter.
  6846 | Gauntlet | Reached XP level 10. HP: 61/61 MP: 10/10
  6872 | Gauntlet | Found a transporter.
  6896 | Gauntlet | Identified the ring "Zaetwoyrph" {rCorr Str+5}
  6901 | Gauntlet | HP: 1/61 [hell beast (13)]
  6902 | Gauntlet | Mangled by a hell beast

Illustrated notes

Levels and vault maps discovered:
D:1:      eino_arrival_druids_welcome, layout_basic
D:2:      layout_basic, lightli_corner_chamber
D:3:      minmay_spotlight, layout_rooms, grunt_gozag_statues,
          nicolae_sif_muna_little_library, serial_shops, nicolae_shop_stone,
          gammafunk_ghost_nasty_kobolds
D:4:      layout_basic, nemelex_diamond_rough_becter, old_standard_altar,
          nicolae_vehumet_altar_sigil, portal_sewer_entry_f, uniq_robin
D:5:      layout_basic
D:6:      layout_basic, minmay_temple_entry_enclosed_plants,
          uniq_crazy_yiuf_cottage
D:7:      minmay_the_grid_triangle_9x9_recursive_2
          [minmay_the_grid_triangle_9x9_prize_schism,
          minmay_the_grid_triangle_9x9_dagger,
          minmay_the_grid_triangle_9x9_steps,
          minmay_the_grid_triangle_9x9_longest], layout_rooms, minmay_puff,
          uniq_joseph
D:8:      layout_rooms, lemuel_coloured_pillars_altar,
          cheibrodos_ashenzari_chains, minmay_lair_entry_grove, enter_bailey_4,
          st_stairs_14, hangedman_decor_peaks_small
D:11:     layout_roguey, gauntlet_entry_generic, dreamdust_deal_with_the_devil,
          minmay_misc_feat_x
Temple:   chequers_temple_sunken
Gauntlet: minmay_gauntlet_77_tree [minmay_gauntlet_arena_77_squiggly,
          minmay_gauntlet_arena_77_broken_ladder,
          minmay_gauntlet_arena_77_run_for_it,
          minmay_gauntlet_arena_77_p_blocks, minmay_gauntlet_arena_77_braids,
          minmay_gauntlet_arena_77_checkered, minmay_gauntlet_arena_77_fan,
          nicolae_gauntlet_exit_dead_adventurers]

Skill      XL: |  1  2  3  4  5  6  7  8  9 10 |
---------------+-------------------------------+-----
Maces & Flails | 3 4 |  4.5
Short Blades   | 2 4 6 9 10 | 10.0
Evocations     | 7 |  7.3
Fighting       | 6 |  6.6
Armour         | 3 4 |  4.1
Throwing       | |  2.1
Dodging        | |  3.6

Action                     |  1- 3 |  4- 6 |  7- 9 | 10-12 || total
---------------------------+-------+-------+-------+-------++-------
  Melee: Flail             |    32 |   104 |       |       ||   136
         Whip              |   108 |       |       |       ||   108
         Punch             |     2 |     1 |     3 |       ||     6
         Dagger            |       |   120 |   294 |     2 ||   416
  Throw: Throwing net      |       |       |     1 |       ||     1
         Dart              |       |       |    21 |       ||    21
  Evoke: Wand              |       |     1 |     4 |       ||     5
    Use: Scroll            |       |     6 |     4 |       ||    10
         Potion            |       |     2 |     5 |     1 ||     8
   Stab: Sleeping          |     6 |     8 |       |       ||    14
 Armour: Leather armour    |     8 |       |       |       ||     8
         Ring mail         |    17 |    65 |    31 |       ||   113
         Chain mail        |       |       |    49 |     8 ||    57
  Dodge: Dodged            |   103 |   133 |   105 |     5 ||   346

Table legend: (Time is in decaauts)
 A = Elapsed time spent in this place.
 B = Non-inter-level travel time spent in this place.
 C = Inter-level travel time spent in this place.
 D = Time resting spent in this place.
 E = Time spent auto-exploring this place.
 F = Levels seen in this place.
 G = Mean time per level.
                   A        B        C        D        E       F      G
               +--------+--------+--------+--------+--------+-----+--------+
         Total |   6782 |   6178 |    604 |    354 |   4287 |  12 |  565.2 |
       Dungeon |   5947 |   5358 |    589 |    158 |   4067 |   9 |  660.8 |
        Temple |     35 |     20 |     15 |      0 |     11 |   1 |   35.0 |
         Sewer |    530 |    530 |      0 |    168 |    208 |   1 |  530.0 |
      Gauntlet |    269 |    269 |      0 |     28 |      0 |   1 |  269.0 |
               +--------+--------+--------+--------+--------+-----+--------+

Top non-repeatable levels by time:
     D:6: 1212 daAuts
     D:5: 1151 daAuts
     D:4: 879 daAuts
     D:3: 824 daAuts
     D:2: 803 daAuts
     D:1: 745 daAuts
   Sewer: 530 daAuts
Gauntlet: 269 daAuts
     D:7: 204 daAuts
    D:11: 93 daAuts
  Temple: 35 daAuts
     D:8: 33 daAuts
